 Dungeon Crawl Stone Soup version 0.27-a0-550-ge92ec0ca06 (webtiles) character file.

Game seed: 6206041108071635987

611 sahdkjhfkaj the Cleaver (level 7, 0/52 HPs)
             Began as a Barachi Fighter on Mar 7, 2021.
             Slain by an orc priest
             ... wielding a +0 hand axe
              (5 damage)
             ... on level 5 of the Dungeon.
             The game lasted 00:03:20 (4795 turns).

sahdkjhfkaj the Cleaver (Barachi Fighter)           Turns: 4795, Time: 00:03:20

Health: 0/52       AC:  9    Str: 19    XL:     7   Next: 43%
Magic:  7/7        EV:  9    Int:  8    God:
Gold:   249        SH:  0    Dex: 12    Spells: 6/6 levels left

rFire    . . .     SeeInvis .   b - +2 battleaxe (freeze)
rCold    . . .     Faith    +   (shield currently unavailable)
rNeg     . . .     Spirit   .   s - +0 scale mail
rPois    .         Reflect  .   t - +0 helmet
rElec    .         Harm     .   (no cloak)
rCorr    .         Rampage  .   j - +0 pair of gloves
Will     .....                  (no boots)
Stlth    ..........             r - amulet of faith
HPRegen  0.17/turn              (no ring)
MPRegen  0.10/turn              (no ring)

@: slow
A: +LOS, amphibious, slowness 1, strong legs 1
a: Hop


You were on level 5 of the Dungeon.
You visited 1 branch of the dungeon, and saw 5 of its levels.

You collected 249 gold pieces.

Inventory:

Hand Weapons
 a - a +0 war axe
 b - a +2 battleaxe of freezing (weapon)
Armour
 c - a +0 kite shield
 j - a +0 pair of gloves (worn)
 s - a +0 scale mail (worn)
 t - a +0 helmet (worn)
Jewellery
 r - an amulet of faith (around neck)
Scrolls
 e - a scroll of magic mapping {unknown}
 f - 2 scrolls of immolation
 i - 3 scrolls of teleportation
 k - 2 scrolls of blinking
 m - a scroll of fog
 n - 2 scrolls of amnesia
Potions
 d - a potion of might
 g - 2 potions of flight
 h - a potion of cancellation {unknown}
 l - a potion of heal wounds {unknown}
 p - a potion of haste
 q - a potion of brilliance
 u - 2 potions of degeneration {unknown}


   Skills:
 - Level 3.6 Fighting
 + Level 8.8 Axes
 - Level 3.6 Armour
 - Level 3.2 Shields


You had 6 spell levels left.
You didn't know any spells.
Your spell library was empty.

Dungeon Overview and Level Annotations

Branches:
Dungeon (5/15)
 Temple: D:4-7

Altars:
Gozag
Kikubaaqudgha
Nemelex Xobeh
Okawaru
Qazlal
Trog

Shops:
D:4 =


Innate Abilities, Weirdness & Mutations

You can be seen from farther away. (+LOS)
You are amphibious.
You cover ground slowly.
You can hop short distances.


Message History

The gnoll hits you with a +0 flail.
The orc priest mumbles some strange prayers to Beogh against you.
Beogh smites you!
* * * LOW HITPOINT WARNING * * *
You are too injured to fight recklessly!
You are too injured to fight recklessly!
You are too injured to fight recklessly!
You are too injured to fight recklessly!
You are too injured to fight recklessly!
You are too injured to fight recklessly!
You are too injured to fight recklessly!
You are too injured to fight recklessly!
You are too injured to fight recklessly!
You are too injured to fight recklessly!
Unknown command.
You feel better. The gnoll barely misses you.
You closely miss the orc priest. You barely miss the gnoll.
The orc priest begins to cast a cantrip, but forgets the words!
The gnoll hits you.
* * * LOW HITPOINT WARNING * * *
You hit the orc priest but do no damage.
You hit the gnoll. You freeze the gnoll.
The gnoll hits you from afar with a +0 halberd.
* * * LOW HITPOINT WARNING * * *
The orc priest hits you but does no damage.
The gnoll hits you.
* * * LOW HITPOINT WARNING * * *
The orc priest looks encouraged for a moment.
Hop to where?
Press: ? - help, Dir - move target
Okay, then.
You aren't carrying any items that you can evoke.
You aren't carrying any items that you can evoke.
Unknown command.
You hit the orc priest. You freeze the orc priest.
The orc priest is heavily wounded.
You slash the gnoll! You freeze the gnoll.
You kill the gnoll!
The orc priest hits you with a +0 hand axe.
You die...

#.......# #..#
# ##.......#
#..# #
.'.......# #..#
# #....g..#
#..# #
#.......#
######..#
#......g#
#.......#
#.....gg#
#.####.######
#########o###.#
#.# #...
........@..##)#
#.# #+##
########.#.##.#
#.# ###..#.#
#.# ###'#)# #.#
#....†# #.#
._.§§.....# #.#
⌠.§§#.....# #.#
≈≈§ #.....#
#.....#


You could see an orc priest and 2 gnolls.

Vanquished Creatures
  An ogre (D:4)
  3 wights (D:4)
  A howler monkey (D:4)
  An iguana (D:4)
  3 orc wizards (D:5)
  2 worker ants (D:4)
  A gnoll (D:5)
  7 adders
  4 worms
  4 dart slugs
  5 leopard geckos
  19 orcs
  4 giant cockroaches
  11 hobgoblins
  14 jackals
  15 kobolds
  A quokka (D:2)
  7 bats
  2 frilled lizards
  9 goblins
  5 rats
119 creatures vanquished.

Notes
Turn   | Place    | Note
-------+----------+-------------------------------------------
     0 | D:1      | sahdkjhfkaj the Barachi Fighter began the quest for the
                  | Orb.
     0 | D:1      | Reached XP level 1. HP: 18/18 MP: 1/1
    63 | D:1      | Reached skill level 3 in Axes
    63 | D:1      | Reached XP level 2. HP: 24/24 MP: 2/2
   606 | D:1      | Reached XP level 3. HP: 21/29 MP: 3/3
   749 | D:1      | Reached skill level 4 in Axes
  1213 | D:2      | Reached XP level 4. HP: 36/36 MP: 4/4
  1384 | D:2      | Found an opulent altar of Gozag.
  1384 | D:2      | Found a sparkling altar of Nemelex Xobeh.
  1872 | D:3      | Reached skill level 5 in Axes
  2291 | D:3      | Reached XP level 5. HP: 27/41 MP: 5/5
  2620 | D:3      | Found an ancient bone altar of Kikubaaqudgha.
  2813 | D:3      | Found a stormy altar of Qazlal.
  3225 | D:4      | Found Xieref's Jewellery Emporium.
  3283 | D:4      | Reached skill level 6 in Axes
  3482 | D:4      | Reached XP level 6. HP: 35/47 MP: 6/6
  3758 | D:4      | Reached skill level 7 in Axes
  4063 | D:4      | Found a bloodstained altar of Trog.
  4212 | D:4      | Reached skill level 8 in Axes
  4212 | D:4      | Reached XP level 7. HP: 44/52 MP: 7/7
  4548 | D:5      | Entered Level 5 of the Dungeon
  4769 | D:5      | Found an iron altar of Okawaru.
  4795 | D:5      | Slain by an orc priest

Illustrated notes

Levels and vault maps discovered:
D:1:      lightli_arrival_boilingwater, layout_loops_ring, hex_medium
D:2:      layout_loops_cross, grunt_temple_overflow_opulence,
          chequers_serial_rivers_small_b
D:3:      layout_basic, general_overflow_altar, kiku_gazebo_pond_becter,
          hex_large
D:4:      layout_rooms, lightli_temple_of_fire, serial_shops, shop_coins
D:5:      layout_basic, lemuel_coloured_pillars_altar,
          nicolae_overflow_hidden_temple, kennysheep_mini,
          kennysheep_little_box, minmay_temple_entry_glassed_door

Skill      XL: |  1  2  3  4  5  6 |
---------------+-------------------+-----
Axes           | 3 4 5 6 8 |  8.8
Fighting       | |  3.6
Armour         | |  3.6
Shields        | |  3.2

Action                   |  1- 3 |  4- 6 |  7- 9 || total
-------------------------+-------+-------+-------++-------
Melee: War axe           |   103 |   168 |       ||   271
       Battleaxe         |       |     5 |    41 ||    46
  Use: Scroll            |       |     4 |     1 ||     5
       Potion            |       |     4 |     1 ||     5
Armor: Scale mail        |    55 |    85 |    17 ||   157
Dodge: Dodged            |    55 |    58 |    16 ||   129
Block: Kite shield       |    63 |   102 |       ||   165

Table legend: (Time is in decaauts)
 A = Elapsed time spent in this place.
 B = Non-inter-level travel time spent in this place.
 C = Inter-level travel time spent in this place.
 D = Time resting spent in this place.
 E = Time spent auto-exploring this place.
 F = Levels seen in this place.
 G = Mean time per level.
                   A        B        C        D        E       F      G
               +--------+--------+--------+--------+--------+-----+--------+
         Total |   5462 |   5299 |    163 |      0 |   4440 |   5 | 1092.4 |
       Dungeon |   5462 |   5299 |    163 |      0 |   4440 |   5 | 1092.4 |
               +--------+--------+--------+--------+--------+-----+--------+

Top non-repeatable levels by time:
     D:3: 2042 daAuts
     D:1: 1340 daAuts
     D:4: 980 daAuts
     D:2: 804 daAuts
     D:5: 294 daAuts
